 Dungeon Crawl Stone Soup version 0.27.1-34-g3ba077fa99 (webtiles) character file.

Game seed: 4739877902156632862

2650 Karpo the Jinx (level 9, -1/44 HPs)
             Began as a Spriggan Enchanter on Jan 25, 2022.
             Was an Initiate of Dithmenos.
             Slain by a steam dragon (2 damage)
             ... on level 7 of the Dungeon.
             The game lasted 00:38:38 (11993 turns).

Karpo the Jinx (Spriggan Enchanter)                Turns: 11993, Time: 00:38:38

Health: -1/44      AC:  4    Str:  4    XL:     9   Next: 36%
Magic:  10/16      EV: 24    Int: 18    God:    Dithmenos [......]
Gold:   344        SH:  0    Dex: 23    Spells: 10/16 levels left

rFire    . . .     SeeInvis +   a - +1 dagger
rCold    + . .     Faith    .   (shield restricted)
rNeg     . . .     Spirit   .   r - +2 robe {rC+}
rPois    .         Reflect  .   (helmet restricted)
rElec    .         Harm     .   (no cloak)
rCorr    .         Rampage  .   (gloves unavailable)
Will     +....                  (boots unavailable)
Stlth    ++++......             (no amulet)
HPRegen  0.14/turn              D - +6 ring of dexterity
MPRegen  0.15/turn              (no ring)

@: about to teleport, very quick
A: very small, no large weapons, unfitting armour, see invisible, speed 3
a: Renounce Religion


You were on level 7 of the Dungeon.
You worshipped Dithmenos.
Dithmenos was noncommittal.
You visited 2 branches of the dungeon, and saw 9 of its levels.

You collected 344 gold pieces.

Inventory:

Hand Weapons
 a - a +1 dagger (weapon)
 g - a +0 short sword
 l - a +0 antimagic dagger
Armour
 b - a +0 robe
 r - a +2 robe of cold resistance (worn)
Jewellery
 p - an amulet of faith
 D - a +6 ring of dexterity (left hand)
Wands
 u - a wand of acid (9)
 A - a wand of iceblast (7)
Scrolls
 f - 2 scrolls of teleportation
 h - a scroll of torment {unknown}
 i - a scroll of summoning {unknown}
 j - 2 scrolls of noise {unknown}
 n - 4 scrolls of enchant weapon {unknown}
 s - 2 scrolls of enchant armour {unknown}
 t - 4 scrolls of identify {unknown}
 x - 2 scrolls of silence
 y - a scroll of vulnerability {unknown}
 B - a scroll of blinking {unknown}
Potions
 c - 4 potions of curing
 d - 2 potions of cancellation {unknown}
 e - a potion of invisibility {unknown}
 k - 2 potions of flight {unknown}
 m - 2 potions of brilliance {unknown}
 o - a potion of ambrosia {unknown}
 q - 2 potions of heal wounds {unknown}
 v - a potion of lignification {unknown}
 w - a potion of might
 z - a potion of haste {unknown}
 C - a potion of mutation {unknown}


   Skills:
 + Level 3.1 Fighting
 + Level 8.0 Short Blades
 - Level 8.0 Dodging
 - Level 8.0 Stealth
 + Level 4.1 Spellcasting
 + Level 8.1 Hexes


You had 10 spell levels left.
You knew the following spells:

 Your Spells              Type           Power      Damage    Failure   Level
a - Corona                Hex            35%        N/A       1%          1
b - Ensorcelled Hibernat  Hex/Ice        36%        N/A       4%          2
c - Confusing Touch       Hex            32%        N/A       1%          3

Your spell library contained the following spells:

 Spells                   Type           Power      Damage    Failure   Level
 Tukima's Dance           Hex            32%        N/A       1%          3
 Dazzling Flash           Conj/Hex       36%        N/A       9%          3
 Inner Flame              Hex/Fire       18%        N/A       9%          3
 Summon Guardian Golem    Hex/Summ       18%        N/A       9%          3
 Foxfire                  Conj/Fire      12%        2x1d4     14%         1
 Magic Dart               Conj           12%        1d3       14%         1
 Summon Small Mammal      Summ           12%        N/A       14%         1
 Searing Ray              Conj           6%         3d3       22%         2
 Fulminant Prism          Conj/Hex       9%         3d7       26%         4
 Call Canine Familiar     Summ           3%         N/A       41%         3
 Conjure Flame            Conj/Fire      3%         6-21      41%         3
 Stone Arrow              Conj/Erth      6%         3d7       41%         3
 Animate Armour           Summ/Erth      6%         N/A       82%         4
 Fireball                 Conj/Fire      1%         3d3       99%         5
 Starburst                Conj/Fire      1%         6d3       100%        6
 Ignition                 Fire           1%         3d3       100%        8
 Lehudib's Crystal Spear  Conj/Erth      1%         10d2      100%        8


Dungeon Overview and Level Annotations

Branches:
Dungeon (8/15)             Temple (1/1) D:4
   Lair: D:8-11

Altars:
Ashenzari
Cheibriados
Dithmenos
Elyvilon
Fedhas
Gozag
Makhleb
Okawaru
Qazlal
Ru
Sif Muna
Trog
Vehumet
Wu Jian
Xom
Yredelemnul
Zin
The Shining One

Shops:
D:1 :   D:2 [   D:3 [   D:4 [(


Innate Abilities, Weirdness & Mutations

You are very small and have problems with some larger weapons.
You are too small for most types of armour.
You have supernaturally acute eyesight. (SInv)
You cover ground extremely quickly. (Speed+++)


Message History

The bullfrog barely misses you.
You hit the bullfrog but do no damage.
The bullfrog is heavily wounded.
The bullfrog hits you.
You hit the bullfrog.
The bullfrog is severely wounded.
The bullfrog hits you but does no damage.
Casting: Confusing Touch (safe; 1% risk of failure)
Confirm with . or Enter, or press ? or * to list all spells.
Aiming: Ensorcelled Hibernation (safe; 4% risk of failure)
Press: ? - help, Shift-Dir - straight line, f - bullfrog
Aim: a bullfrog (severely wounded, chance to affect: 49%)
The bullfrog looks drowsy...
The helpless bullfrog fails to defend itself.
You stick the bullfrog like a pincushion!!!!
You kill the bullfrog!
Dithmenos accepts your kill.
Casting: Ensorcelled Hibernation (safe; 4% risk of failure)
Confirm with . or Enter, or press ? or * to list all spells.
Aiming: Ensorcelled Hibernation (safe; 4% risk of failure)
Press: ? - help, Shift-Dir - straight line, f - steam dragon
Aim: a steam dragon (chance to affect: 49%)
The steam dragon resists with some effort.
The steam dragon completely misses you. The steam dragon claws you.
Casting: Ensorcelled Hibernation (safe; 4% risk of failure)
Confirm with . or Enter, or press ? or * to list all spells.
Aiming: Ensorcelled Hibernation (safe; 4% risk of failure)
Press: ? - help, Shift-Dir - straight line, f/p - steam dragon
Aim: a steam dragon (chance to affect: 49%)
The steam dragon resists with some effort.
The steam dragon breathes steam at you. The ball of steam hits you!!
* * * LOW HITPOINT WARNING * * *
Okay, then.
As you read the scroll of teleportation, it crumbles to dust.
You feel strangely unstable.
You are engulfed in a cloud of scalding steam.
* * * LOW HITPOINT WARNING * * *
The steam dragon bites you.
You die...

#####.# ##.#.### #....g.
#.....###########....#
#......
##.#####...........####
#......
...#####.#######..##
##....S
.####....####....## #.....
###......>....#### #.####
....>..######## #########
. #
....†..###≈#######........
#
.........≈≈≈..§§@DZ.......
.
....≈..≈≈≈≈#.#####........
...≈≈≈≈≈≈....# #........
.≈≈≈...####### #........
######## #........
#........ #........
#########


You could see a steam dragon (catching breath) and a centaur skeleton.

Vanquished Creatures
  Grinder (D:6)
  Sigmund (D:4)
  A yak (D:7)
  Edmund (D:5)
  3 water moccasins
  A sky beast (D:6)
  An ice beast (D:7)
  2 ogres (D:5)
  A centaur (D:7)
  A phantom (D:6)
  A bullfrog (D:7)
  3 scorpions
  A water moccasin skeleton (D:5)
  5 howler monkeys
  A bullfrog zombie (D:5)
  2 gnoll shamans
  A hound (D:5)
  2 orc priests
  A bullfrog skeleton (D:5)
  A jelly (D:6)
  A centaur skeleton (D:4)
  An iguana (D:5)
  Ijyb (D:4)
  3 orc wizards
  Robin (D:4)
  15 gnolls
  6 adders
  A white imp (D:7)
  A worm (D:5)
  16 orcs
  6 ball pythons
  5 endoplasms
  11 giant cockroaches
  14 goblins
  10 hobgoblins
  5 jackals
  2 kobolds (D:1)
  7 quokkas
  4 bats
  4 frilled lizards
  8 rats
153 creatures vanquished.

Vanquished Creatures (others)
  2 fungi (D:1)
  2 plants (D:1)
4 creatures vanquished.

Grand Total: 157 creatures vanquished

Notes
Turn   | Place    | Note
-------+----------+-------------------------------------------
     0 | D:1      | Karpo the Spriggan Enchanter began the quest for the Orb.
     0 | D:1      | Reached XP level 1. HP: 9/9 MP: 5/5
   370 | D:1      | Reached XP level 2. HP: 13/13 MP: 6/6
   401 | D:1      | Reached skill level 5 in Stealth
   419 | D:1      | Learned a level 2 spell: Ensorcelled Hibernation
   859 | D:1      | Found Doazotom's Book Shop.
  1082 | D:1      | Reached XP level 3. HP: 14/16 MP: 8/8
  1488 | D:1      | Found a faded altar of an unknown god.
  1740 | D:2      | Found Himuff's Armour Boutique.
  1861 | D:3      | Found Jenas's Antique Armour Shoppe.
  2090 | D:1      | Learned a level 3 spell: Confusing Touch
  2100 | D:2      | Reached XP level 4. HP: 21/21 MP: 4/9
  2600 | D:4      | Found Vyoz's Antique Armour Emporium.
  3066 | D:3      | You fall into a shaft and drop 2 floors!
  3066 | D:5      | Entered Level 5 of the Dungeon
  3119 | D:5      | Noticed a water moccasin
  3869 | D:4      | Found a staircase to the Ecumenical Temple.
  3869 | D:4      | Noticed Sigmund
  4298 | D:4      | Reached XP level 5. HP: 23/24 MP: 10/10
  4562 | Temple   | Entered the Ecumenical Temple
  5349 | D:5      | Noticed an ogre
  5379 | D:4      | Found an iron altar of Okawaru.
  5412 | D:4      | Noticed Ijyb
  5426 | D:4      | Killed Ijyb
  5441 | D:4      | Reached XP level 6. HP: 28/28 MP: 7/11
  5554 | D:4      | Noticed Robin
  5613 | D:4      | Killed Robin
  5614 | D:4      | Reached skill level 5 in Short Blades
  5831 | D:4      | Killed Sigmund
  5832 | D:4      | Reached skill level 5 in Hexes
  5951 | D:4      | Reached XP level 7. HP: 30/32 MP: 14/14
  6438 | D:4      | Found Xyddul's Weapon Emporium.
  6678 | D:5      | Noticed a two-headed ogre
  7959 | D:5      | Reached skill level 1 in Fighting
  7959 | D:5      | Reached XP level 8. HP: 22/37 MP: 12/15
  8632 | D:5      | Found a snail-covered altar of Cheibriados.
  9121 | D:5      | Noticed Edmund
  9147 | D:5      | Killed Edmund
  9318 | D:5      | Reached skill level 5 in Dodging
 10285 | D:6      | Noticed Grinder
 10304 | D:6      | Killed Grinder
 10821 | D:6      | Found a basalt altar of Yredelemnul.
 10831 | D:6      | Found a stormy altar of Qazlal.
 11229 | D:8      | Found a shadowy altar of Dithmenos.
 11238 | D:8      | Became a worshipper of Dithmenos the Shadowed
 11246 | D:8      | Reached XP level 9. HP: 37/44 MP: 13/16
 11993 | D:7      | HP: 1/44 [steam dragon] (7)]
 11993 | D:7      | Slain by a steam dragon

Illustrated notes

Levels and vault maps discovered:
D:1:      minmay_arrival_split_and_join, layout_basic,
          shapermc_ecumenical_altar_mp_ritualfount, serial_shops,
          nicolae_diamond_shop
D:2:      layout_rooms, serial_shops, shop, chequers_serial_rivers_micro_b,
          grunt_decor_cap
D:3:      layout_basic, serial_shops, shop
D:4:      layout_loops_ring, mainiacjoe_overflow_24_doors,
          minmay_temple_entry_arrows, serial_shops, nicolae_lakefront_shop,
          shop, corexii_checkpoint_a, uniq_sigmund, uniq_ijyb, uniq_robin
D:5:      layout_layer_cave, slow_altar_1, uniq_edmund
D:6:      layout_gridville, minitemple, uniq_grinder
D:7:      layout_rooms, lemuel_coloured_pillars_altar,
          chequers_serial_rivers_small_a
D:8:      layout_basic, tgw_kikubaaqudgha, mainiacjoe_overflow_alcove_1,
          mainiacjoe_overflow_small_starburst, hellmonk_guarded_unrand_lears
Temple:   nicolae_temple_figure_eight

Skill      XL: |  1  2  3  4  5  6  7  8  9 |
---------------+----------------------------+-----
Stealth        | 5 6 7 8 |  8.0
Short Blades   | 2 3 4 5 6 8 |  8.0
Spellcasting   | 4 |  4.1
Hexes          | 5 8 |  8.1
Dodging        | 3 8 |  8.0
Fighting       | 1 3 |  3.1

Action                   |  1- 3 |  4- 6 |  7- 9 || total
-------------------------+-------+-------+-------++-------
Melee: Dagger            |   157 |   177 |   254 ||   588
 Cast: Ensorcelled Hiber |     6 |    33 |    65 ||   104
       Confusing Touch   |       |       |     6 ||     6
       Corona            |       |       |     1 ||     1
  Use: Scroll            |       |     2 |     2 ||     4
       Potion            |       |     2 |       ||     2
 Stab: Sleeping          |    14 |    31 |    41 ||    86
       Distracted        |       |     1 |     7 ||     8
       Confused          |       |       |     5 ||     5
Armor: Robe              |    15 |    13 |    24 ||    52
Dodge: Dodged            |   114 |   150 |   203 ||   467
